nht, chaotic female elven Wizard -------------- |}}}}}}}}}@... |}-------;;}}} |}| ----- |}| |}------ |}}}}}}| .|.....}| ---.|.....}| ...|.|.....}+ -...|.....}| |.|.|.......}| |.|<|--}}}}}}| |...| |}------ |.--- | |`.. -- nht the Thaumaturge Experience level: 8 Strength: 11 Dexterity: 16 Constitution: 15 Intelligence: 13 Wisdom: 19 Charisma: 9 Health: 0(56) Energy: 117(117) Def: 1 Gold: 812 Moves: 4147 Dungeon seed: 47qzgKEheefeJHIi Game ID: nht_1464865336 Your Inventory: Coins $ - 812 gold pieces Amulets E - an uncursed amulet of flying (being worn) Weapons a - a blessed +1 quarterstaff Armor y - a cursed +0 elven cloak B - an uncursed +0 cloak of magic resistance (being worn) F - a cursed -1 pair of levitation boots (being worn) N - a blessed +0 pair of elven boots Q - an uncursed +0 pair of jumping boots Y - an uncursed -1 elven leather helm (being worn) Comestibles z - 2 uncursed eucalyptus leaves G - 2 uncursed fortune cookies I - an uncursed food ration U - 2 uncursed lembas wafers Z - 2 uncursed carrots Scrolls l - an uncursed scroll of food detection n - 3 uncursed scrolls of enchant weapon x - an uncursed scroll of identify H - an uncursed scroll of confuse monster O - a cursed scroll of confuse monster P - an uncursed scroll of teleportation R - an uncursed scroll of fire V - 2 uncursed scrolls of blank paper Spellbooks s - a blessed spellbook of sleep M - an uncursed spellbook of detect treasure Potions b - 3 potions of unholy water C - an uncursed potion of gain level Rings t - an uncursed ring of free action D - an uncursed ring of sustain ability L - an uncursed ring of poison resistance Wands d - a wand of nothing (0:6) o - a wand of secret door detection (0:13) A - a wand of fire (0:5) J - a wand of fire (0:6) K - a wand of digging (0:3) Tools e - a +0 pick-axe (weapon in hand) f - an uncursed leather drum i - an uncursed oil lamp (lit) (0:821) p - 7 uncursed wax candles (0:400) v - an uncursed skeleton key W - a magic marker (0:33) Gems h - an uncursed amethyst stone q - 2 uncursed worthless pieces of orange glass r - an uncursed citrine stone S - an uncursed jasper stone X - 2 uncursed worthless pieces of yellowish brown glass Spells and supernatural/magical abilities: Name Level Category Fail Memory a - force bolt 1 attack 0% 80% h - healing 1 healing 0% 80% i - invisibility 4 escape 100% 97% k - knock 1 matter 0% 85% m - magic missile 2 attack 0% 87% n - detect monsters 1 divination 0% 89% s - slow monster 2 enchantment 0% 87% z - sleep 1 enchantment 0% 100% O - create monster 2 clerical 79% 86% S - stone to flesh 3 healing 5% 97% W - pray for help -- divine ? -- Your skills at the end: Miscellaneous Skills wands [Basic] Weapon Skills quarterstaff [Basic] Spellcasting Skills attack spells [Skilled] healing spells [Basic] enchantment spells [Basic] Final Attributes: You were devoutly aligned. You were sleep resistant. You were magic-protected. You had infravision. You were levitating. You are dead. Vanquished creatures: a pyrolisk a flaming sphere a tengu a cockatrice 3 wolves a panther a gnome king an owlbear a dog 2 dust vortices a raven a snake an ape 3 Woodland-elves 4 bugbears 12 Mordor orcs 7 Uruk-hai a rock mole 7 gnome lords 2 gnomish wizards a golden naga hatchling a guardian naga hatchling a gray ooze a paper golem a giant ant a floating eye 11 dwarves a kobold shaman 3 iguanas 2 hill orcs 4 rothes 2 coyotes 2 hobbits an acid blob 3 hobgoblins 2 giant rats a cave spider 32 gnomes 2 jackals a fox 3 kobolds 3 newts a goblin a sewer rat 3 grid bugs 3 lichens a kobold zombie 140 creatures vanquished. Voluntary challenges: You used a wielded weapon 238 times, starting on turn 68. You did not apply a unicorn horn. You read items or engraved 64 times, starting on turn 286. You never genocided any monsters. You never polymorphed an object. You never changed form. You used no wishes. You never split a pudding. You wrote Elbereth's name 15 times, starting on turn 1451. You violated your moral code, losing 3 points of alignment, starting on turn 2439. You disabled loading bones files. Dungeon overview: The Dungeons of Doom: levels 1 to 27 Level 1 a fountain a long staircase Level 2 Level 3 an altar to Ptah Level 4 stairs to The Gnomish Mines Level 5 Level 6 Level 7 stairs to Sokoban Level 8 Level 9 (potions) a potion shop, a fountain Level 10 Level 11 (book, graycorn) Level 12 Level 13 Level 14 (throne) a sink Level 15 Level 16 (dragons) Level 17 Level 18 Level 19 a potion shop Level 20 Level 21 a fountain Level 22 Level 23 Level 24 Level 25 Level 26 Level 27 <- You were here The Gnomish Mines: levels 5 to 8 Level 5 stairs to The Dungeons of Doom Level 6 (book) Level 7 Level 8 many shops, a temple to Thoth, a magic chest, some fountains, some trees Sokoban: Level 6 (book) a magic chest stairs to The Dungeons of Doom History has recorded: On T:1 you entered the Dungeons of Doom to retrieve the Amulet of Yendor! On T:172 you reached level 2 of The Dungeons of Doom. On T:196 you reached level 3 of The Dungeons of Doom. On T:625 you reached level 4 of The Dungeons of Doom. On T:749 you reached level 1 of The Gnomish Mines. On T:783 you advanced to experience level 2. On T:789 you advanced to experience level 3. On T:801 you advanced to experience level 4. On T:981 you advanced to experience level 5. On T:1003 you reached level 2 of The Gnomish Mines. On T:1086 you reached level 3 of The Gnomish Mines. On T:1163 you advanced to experience level 6. On T:1197 you reached level 4 of The Gnomish Mines. On T:1330 you entered the Minetown temple On T:1346 you opened a magic chest. On T:1347 you opened a magic chest. On T:1357 you opened a magic chest. On T:1360 you opened a magic chest. On T:1605 you advanced to experience level 7. On T:1948 you reached level 5 of The Dungeons of Doom. On T:1970 you reached level 6 of The Dungeons of Doom. On T:1996 you reached level 7 of The Dungeons of Doom. On T:2006 you reached level 8 of The Dungeons of Doom. On T:2164 you reached level 4 of Sokoban. On T:3223 you reached level 9 of The Dungeons of Doom. On T:3314 you reached level 10 of The Dungeons of Doom. On T:3317 you advanced to experience level 8. On T:3503 you reached level 11 of The Dungeons of Doom. On T:3601 you reached level 12 of The Dungeons of Doom. On T:3622 you reached level 13 of The Dungeons of Doom. On T:3634 you reached level 14 of The Dungeons of Doom. On T:3703 you reached level 15 of The Dungeons of Doom. On T:3722 you reached level 16 of The Dungeons of Doom. On T:3741 you reached level 17 of The Dungeons of Doom. On T:3760 you reached level 18 of The Dungeons of Doom. On T:3773 you reached level 19 of The Dungeons of Doom. On T:3835 you reached level 20 of The Dungeons of Doom. On T:3966 you reached level 21 of The Dungeons of Doom. On T:3988 you reached level 22 of The Dungeons of Doom. On T:4011 you reached level 23 of The Dungeons of Doom. On T:4033 you reached level 24 of The Dungeons of Doom. On T:4052 you reached level 25 of The Dungeons of Doom. On T:4072 you reached level 26 of The Dungeons of Doom. On T:4097 you reached The Castle. Score breakdown: Gold: 812 ( 81 points) Experience: 8 levels ( 700 points) Exploration: 27 levels ( 780 points) Discoveries: 31 items ( 1550 points) Variety of kills: 47 monsters ( 2000 points) Major goal: reached Minetown ( 500 points) Survival: died (score multiplied by 3) Total score: 16833 Latest messages: s - a blessed dusty spellbook. The giant eel brushes against your leg. You stop digging. The baby green dragon turns to flee! You dig a hole through the floor. Your movements are now unencumbered. The shark bites! (2x) You die... Final status: Goodbye nht the Wizard, killed by a shark... You died in The Dungeons of Doom on dungeon level 27 with 16833 points, and 812 pieces of gold, after 4147 moves. You were level 8 with a maximum of 56 hit points when you died.